 Dungeon Crawl Stone Soup version 0.19-a0-1254-gb9c29c0 (webtiles) character file.

203 4thArraOfDagon the Firebug (level 5, -5/28 HPs)
             Began as a Deep Elf Fire Elementalist on Aug 27, 2016.
             Slain by a gnoll
             ... wielding a +0 spear
              (9 damage)
             ... on level 5 of the Dungeon.
             The game lasted 00:04:18 (704 turns).

4thArraOfDagon the Firebug (DEFE)                    Turns: 704, Time: 00:04:20

Health: -5/28      AC:  2    Str:  5    XL:     5   Next: 51%
Magic:  3/13       EV: 13    Int: 21    God:
Gold:   38         SH:  0    Dex: 15    Spells: 3 memorised, 4 levels left

rFire  + . .     SeeInvis .     p - +0 flail
rCold  + . .     Gourm    .     a - +0 robe
rNeg   . . .     Faith    .     (no shield)
rPois  +         Spirit   .     (no helmet)
rElec  +         Dismiss  .     (no cloak)
rCorr  +         Reflect  .     (no gloves)
MR     .....     Harm     .     (no boots)
Stlth  ++........               (no amulet)
                                (no ring)
                                (no ring)

@: exhausted, resistant, flying, slowed, very slow
A: no striking features
a: no special abilities


You were on level 5 of the Dungeon.
You were hungry.

You visited 1 branch of the dungeon, and saw 5 of its levels.

You collected 38 gold pieces.

Inventory:

Hand Weapons
 f - a +0 whip
 k - a +0 falchion
 p - a +0 flail (weapon)
Armour
 a - a +0 robe (worn)
Scrolls
 d - a scroll of enchant armour
 o - 2 scrolls of noise
Books
 b - a book of Flames

   Spells                             Type                      Level
   a - Flame Tongue                   Conjuration/Fire             1
   b - Throw Flame                    Conjuration/Fire             2
   c - Conjure Flame                  Conjuration/Fire             3
   d - Inner Flame                    Hexes/Fire                   3
   e - Sticky Flame                   Conjuration/Fire             4
   f - Fireball                       Conjuration/Fire             5
 l - a book of Transfigurations

   Spells                             Type                      Level
   a - Irradiate                      Conjuration/Transmutation    5
   b - Statue Form                    Transmutation/Earth          6
   c - Hydra Form                     Transmutation                6
   d - Dragon Form                    Transmutation                7
Comestibles
 c - a bread ration


   Skills:
 - Level 2.4 Dodging
 - Level 2.4 Stealth
 + Level 4.2 Spellcasting
 * Level 3.7 Conjurations
 * Level 5.2 Fire Magic


You had 4 spell levels left.
You knew the following spells:

 Your Spells              Type           Power        Failure   Level  Hunger
a - Flame Tongue          Conj/Fire      ###..        1%          1    None
b - Conjure Flame         Conj/Fire      ###.....     6%          3    ###....
c - Sticky Flame          Conj/Fire      ###.....     21%         4    ####...


Dungeon Overview and Level Annotations

Branches:
Dungeon (5/15)
 Temple: D:4-7

Altars:
Okawaru
Ru

Annotations:
D:5 Edmund


Message History

It was a potion of flight.
You feel very buoyant.
You fly up into the air.
Edmund closely misses you. The gnoll barely misses you.
Unknown command.
You feel better. Edmund barely misses you.
The gnoll hits you from afar with a spear.
Unknown command.
Casting: Sticky Flame
Confirm with . or Enter, or press ? or * to list all spells.
Aiming: Sticky Flame
Press: ? - help, Shift-Dir - straight line, f - Edmund, p - iguana
Aim: Edmund, wielding a flail of holy wrath and wearing a scale mail The sticky flame hits Edmund.
Edmund is lightly wounded.
Edmund is covered in liquid flames!
Edmund burns!
Edmund hits you with a flail of holy wrath!
* * * LOW HITPOINT WARNING * * *
The gnoll hits you from afar with a spear!
You die...

... #...gg.# ...
#.lrg..# ...
###g#### ..[ #g#
..# #.# ###
#.####.##########
#......##........
#####.lg@........
##.##@....... ..
#..##........ ..
....##........
##.
#....#.........
#..............
####..#########
#.#


You could see Edmund (burning), an iguana and a gnoll.

Vanquished Creatures
  A scorpion (D:5)
  A centaur zombie (D:5)
  2 hounds
  A gnoll shaman (D:5)
  An adder (D:4)
  A gnoll (D:5)
  2 giant geckos
  A giant cockroach (D:1)
  A goblin (D:3)
  3 hobgoblins
  2 jackals (D:4)
  A ball python (D:1)
  4 bats
  A giant newt (D:4)
  A kobold (D:1)
  A quokka skeleton (D:4)
  2 rats (D:1)
26 creatures vanquished.

Notes
Turn   | Place    | Note
-------+----------+-------------------------------------------
     0 | D:1      | 4thArraOfDagon the Deep Elf Fire Elementalist began the quest for the Orb.
     0 | D:1      | Reached XP level 1. HP: 10/10 MP: 6/6
   172 | D:2      | Reached XP level 2. HP: 12/15 MP: 5/8
   239 | D:3      | lol
   245 | D:3      | :(
   321 | D:4      | Found an iron altar of Okawaru.
   397 | D:4      | Reached skill level 4 in Fire Magic
   397 | D:4      | Reached XP level 3. HP: 17/19 MP: 6/10
   402 | D:4      | Learned a level 3 spell: Conjure Flame
   517 | D:5      | Entered Level 5 of the Dungeon
   524 | D:5      | Reached XP level 4. HP: 24/24 MP: 6/11
   530 | D:5      | Learned a level 4 spell: Sticky Flame
   556 | D:5      | Reached XP level 5. HP: 26/28 MP: 1/13
   587 | D:5      | Noticed Edmund
   604 | D:4      | Found a sacrificial altar of Ru.
   625 | D:4      | Reached skill level 5 in Fire Magic
   704 | D:5      | Slain by a gnoll

Vault maps used:
D:1:      grunt_arrival_crossed_arrows
D:2:      lemuel_coloured_pillars_altar, minmay_tree_intersection,
          kennysheep_generic_room_14, uniq_robin
D:3:      gup_sewer_entry_bubbles, corexii_leaking_fountain, serial_park_tiny_1
D:4:      lemuel_crystal_altar, okawaru_trees_1, first_bread
D:5:      uniq_edmund

Skill      XL: |  1  2  3  4  5 |
---------------+----------------+-----
Conjurations   | 2 3 |  3.7
Fire Magic     | 4 5 |  5.2
Spellcasting   | 4 |  4.2
Dodging        | |  2.4
Stealth        | |  2.4

Action                   |  1- 3 |  4- 6 || total
-------------------------+-------+-------++-------
Melee: Whip              |     1 |       ||     1
       Falchion          |    10 |     1 ||    11
       Flail             |       |     1 ||     1
 Cast: Flame Tongue      |    34 |     7 ||    41
       Conjure Flame     |     1 |       ||     1
       Sticky Flame      |       |     5 ||     5
  Use: Scroll            |       |     5 ||     5
       Potion            |       |     5 ||     5
Armor: Robe              |     5 |       ||     5
Dodge: Dodged            |    17 |     8 ||    25
